 Dungeon Crawl Stone Soup version 0.23-a0-643-g9ccc95a (webtiles) character file.

436 Larett the Chopper (level 6, -2/51 HPs)
             Began as a Minotaur Berserker on Dec 31, 2018.
             Was a Priest of Trog.
             Slain by an ogre
             ... wielding a +0 giant club
              (17 damage)
             ... on level 4 of the Dungeon.
             The game lasted 00:08:02 (3445 turns).

Larett the Chopper (Minotaur Berserker)             Turns: 3445, Time: 00:08:03

Health: -2/51      AC:  7    Str: 22    XL:     6   Next: 68%
Magic:  5/5        EV:  9    Int:  4    God:    Trog [***...]
Gold:   145        SH:  7    Dex: 11    Spells: 5/5 levels left

rFire    . . .     SeeInvis .   a - +0 hand axe
rCold    . . .     Gourm    .   r - +0 shield
rNeg     . . .     Faith    .   s - +0 ring mail
rPois    .         Spirit   .   (helmet restricted)
rElec    .         Reflect  .   (no cloak)
rCorr    .         Harm     .   (no gloves)
MR       .....                  j - +0 pair of boots
Stlth    +.........             (no amulet)
HPRegen  0.17/turn              (no ring)
MPRegen  0.09/turn              (no ring)

@: lethally poisoned (-2 -> -5)
A: retaliatory headbutt, horns 2
a: Berserk, Trog's Hand, Renounce Religion


You were on level 4 of the Dungeon.
You worshipped Trog.
Trog was most pleased with you.
You were not hungry.

You visited 1 branch of the dungeon, and saw 4 of its levels.

You collected 145 gold pieces.

Inventory:

Hand Weapons
 a - a +0 hand axe (weapon)
 o - a +1 flail of holy wrath
Missiles
 d - 100 stones
 g - 5 javelins (quivered)
 n - 41 bolts
 u - 5 tomahawks
 Z - a throwing net {!f}
Armour
 j - a +0 pair of boots (worn)
 r - a +0 shield (worn)
 s - a +0 ring mail (worn)
Potions
 q - a potion of agility {unknown}
 v - a potion of curing {unknown}
 w - a potion of berserk rage {unknown}
Comestibles
 c - 11 rations
 x - a chunk of flesh


   Skills:
 - Level 3.6 Fighting
 * Level 7.0 Axes
 + Level 4.7 Armour
 + Level 4.3 Dodging


You had 5 spell levels left.
You didn't know any spells.
Your spell library was empty.

Dungeon Overview and Level Annotations

Branches:
Dungeon (4/15)
 Temple: D:4-7

Altars:
Makhleb
Zin

Annotations:
D:2 digging gold - Nat 1


Innate Abilities, Weirdness & Mutations

You reflexively headbutt those who attack you in melee.
You have a pair of horns on your head.


Message History

Your shield prevents you from hitting the orc.
You feel sick. The orc hits you but does no damage.
You barely miss the ogre. You hit the orc.
You feel sick. You block the orc's attack.
You hit the ogre. You headbutt the ogre.
The ogre is lightly wounded.
You hit the orc.
You kill the orc!
Trog accepts your kill. The ogre closely misses you.
The orc hits you but does no damage.
You barely miss the ogre. You headbutt the ogre.
The ogre is moderately wounded.
You closely miss the orc.
You feel sick. The ogre hits you with a +0 giant club!
* * * LOW HITPOINT WARNING * * *
You slash the ogre! Your headbutt misses the ogre.
The ogre is heavily wounded.
You hit the orc. You block the orc's attack.
The ogre hits you with a +0 giant club!
You die...

.................#
##..###<.........#
##...............#
.................#
#######.[.........
#...####.####
#...# .# #...# #
#.@)# #Oo.#
.....$# ........#
..........#
.#####.....
#...#.# #...#.#


You could see an ogre and an orc.

Vanquished Creatures
  An ogre (D:4)
  An orc priest (D:3)
  2 orc wizards (D:3)
  A bullfrog skeleton (D:3)
  An iguana (D:3)
  Natasha (D:2)
  2 worker ants (D:4)
  A gnoll (D:4)
  2 adders
  An ooze (D:2)
  3 worms
  6 leopard geckos
  13 orcs
  4 giant cockroaches
  7 goblins
  14 jackals (D:1)
  5 kobolds
  2 quokkas (D:2)
  11 bats
  3 frilled lizards
  7 rats
88 creatures vanquished.

Notes
Turn   | Place    | Note
-------+----------+-------------------------------------------
     0 | D:1      | Larett the Minotaur Berserker began the quest for the Orb.
     0 | D:1      | Reached XP level 1. HP: 19/19 MP: 0/0
   254 | D:1      | Reached skill level 4 in Axes
   287 | D:1      | Reached XP level 2. HP: 12/26 MP: 1/1
   317 | D:1      | HP: 3/26 [jackal (2)]
   669 | D:1      | Reached ** piety under Trog
   669 | D:1      | Reached skill level 3 in Armour
   841 | D:1      | Reached XP level 3. HP: 31/31 MP: 2/2
  1082 | D:1      | You fall through a shaft!
  1248 | D:2      | Found a glowing silver altar of Zin.
  1361 | D:2      | Found a burning altar of Makhleb.
  1828 | D:2      | Reached skill level 3 in Dodging
  1952 | D:2      | Reached skill level 5 in Axes
  1952 | D:2      | Reached XP level 4. HP: 39/39 MP: 3/3
  1966 | D:2      | Noticed Natasha
  1968 | D:2      | Killed Natasha
  2533 | D:3      | Reached XP level 5. HP: 36/45 MP: 4/4
  2736 | D:3      | Reached skill level 6 in Axes
  2917 | D:3      | Reached *** piety under Trog
  3022 | D:3      | Reached XP level 6. HP: 51/51 MP: 5/5
  3437 | D:4      | Reached skill level 7 in Axes
  3445 | D:4      | Slain by an ogre

Vault maps used:
D:1:      dpeg_arrival_snail
D:2:      zin_treasury, bloody_makhleb, grunt_ministairs_4, uniq_natasha
D:3:      first_ration, minivault_5
D:4:      nicolae_overflow_crystal_walls, kennysheep_generic_room_3

Skill      XL: |  1  2  3  4  5  6 |
---------------+-------------------+-----
Axes           | 4 5 6 7 |  7.0
Armour         | 3 4 |  4.7
Dodging        | 3 4 |  4.3
Fighting       | |  3.6

Action                   |  1- 3 |  4- 6 || total
-------------------------+-------+-------++-------
Melee: Hand axe          |    87 |   104 ||   191
       Headbutt          |    17 |    31 ||    48
       Flail             |    23 |     6 ||    29
  Use: Scroll            |     3 |     2 ||     5
  Eat: Chunk             |     3 |     5 ||     8
Armor: Animal skin       |    21 |       ||    21
       Ring mail         |     9 |    38 ||    47
Dodge: Dodged            |    79 |    33 ||   112
Block: Shield            |    11 |    46 ||    57

Table legend:
 A = Non-vault XP
 B = Vault XP
 C = Vault XP percentage of total XP
 D = Non-vault monster count
 E = Vault monster count
 F = Vault count percentage of total count
                 A         B        C        D         E       F
            +---------+---------+-------+---------+---------+-------
      Total |     586 |      37 |   5.9 |      85 |       3 |   3.4
            +---------+---------+-------+---------+---------+-------
        D:1 |      58 |       0 |   0.0 |      33 |       0 |   0.0
        D:2 |      39 |      37 |  48.7 |      12 |       3 |  20.0
        D:3 |     269 |       0 |   0.0 |      31 |       0 |   0.0
        D:4 |     220 |       0 |   0.0 |       9 |       0 |   0.0
            +---------+---------+-------+---------+---------+-------
